 Dungeon Crawl Stone Soup version 0.24.0-13-gcf9b3192b9 (webtiles) character file.

Game seed: 17359074711495586744, levelgen mode: deterministic

496 Arum the Stinger (level 7, 0/46 HPs)
             Began as a Formicid Venom Mage on Nov 10, 2019.
             Was an Initiate of Vehumet.
             Killed themself with a badly aimed fireball (14 damage)
             ... on level 5 of the Dungeon.
             The game lasted 00:12:03 (5184 turns).

Arum the Stinger (Formicid Venom Mage)              Turns: 5184, Time: 00:12:04

Health: 0/46       AC:  2    Str: 12    XL:     7   Next: 38%
Magic:  6/14       EV: 12    Int: 17    God:    Vehumet [......]
Gold:   157        SH:  0    Dex: 11    Spells: 8/15 levels left

rFire    . . .     SeeInvis +   l - +0 trident
rCold    + . .     Gourm    .   (no shield)
rNeg     . . .     Faith    .   p - +0 robe {rC+}
rPois    .         Spirit   .   (helmet unavailable)
rElec    .         Reflect  .   (no cloak)
rCorr    .         Harm     .   (no gloves)
MR       .....                  (no boots)
Stlth    ++........             (no amulet)
HPRegen  0.15/turn              (no ring)
MPRegen  0.14/turn              (no ring)

@: no status effects
A: permanent stasis, dig shafts and tunnels, four strong arms, antennae 3
a: Dig, Shaft Self, Renounce Religion


You were on level 5 of the Dungeon.
You worshipped Vehumet.
Vehumet was noncommittal.
You were hungry.

You visited 2 branches of the dungeon, and saw 6 of its levels.

You collected 157 gold pieces.

Inventory:

Hand Weapons
 l - a +0 trident (weapon)
Armour
 p - a +0 robe of cold resistance (worn)
Wands
 a - a wand of random effects (7)
Scrolls
 b - a scroll of blinking {unknown}
 f - a scroll of immolation {unknown}
 h - 2 scrolls of remove curse {unknown}
 i - 8 scrolls of identify {unknown}
 k - 4 scrolls of random uselessness {unknown}
 o - a scroll of magic mapping {unknown}
Potions
 d - a potion of magic {unknown}
 e - a potion of mutation {unknown}
 g - 3 potions of brilliance {unknown}
 j - a potion of degeneration {unknown}
 m - a potion of heal wounds {unknown}
 n - a potion of curing {unknown}
 q - a potion of berserk rage {unknown}
Comestibles
 c - 10 rations
 r - a chunk of flesh


   Skills:
 - Level 1.7 Dodging
 - Level 2.4 Stealth
 + Level 4.6 Spellcasting
 + Level 3.8 Conjurations
 + Level 6.8 Poison Magic


You had 8 spell levels left.
You knew the following spells:

 Your Spells              Type           Power        Failure   Level  Hunger
a - Sting                 Conj/Pois      ###.         1%          1    None
b - Poisonous Vapours     Pois/Air       ###...       5%          2    ##.....
c - Olgreb's Toxic Radia  Pois           ####....     9%          4    ####...

Your spell library contained the following spells:

 Spells                   Type           Power        Failure   Level  Hunger
 Mephitic Cloud           Conj/Pois/Air  ###.....     11%         3    ###....
 Venom Bolt               Conj/Pois      ###.......   41%         5    ######.


Dungeon Overview and Level Annotations

Branches:
Dungeon (5/15)             Temple (1/1) D:5

Altars:
Ashenzari
Dithmenos
Gozag
Kikubaaqudgha
Makhleb
Ru
Vehumet
Wu Jian
Xom
Yredelemnul
Zin

Annotations:
D:5 Grinder


Innate Abilities, Weirdness & Mutations

You cannot be hasted, slowed, berserked, paralysed or teleported.
You can dig through walls and to a lower floor.
Your four strong arms can wield two-handed weapons with a shield.
You have a pair of large antennae on your head. (SInv)


Message History

Aiming: Random Effects
Press: ? - help, Shift-Dir - straight line, f/p - crimson imp
Aim: a crimson imp (fast)
The crimson imp easily resists.
The crimson imp barely misses you. The crimson imp hits you.
* * * LOW HITPOINT WARNING * * *
Evoke which item? (* to show all) (? for menu, Esc to quit)
Aiming: Random Effects
Press: ? - help, Shift-Dir - straight line, f/p - crimson imp
Aim: a crimson imp (fast)
The puff of frost hits the crimson imp.
The crimson imp is lightly wounded.
The crimson imp closely misses you.
Evoke which item? (* to show all) (? for menu, Esc to quit)
Aiming: Random Effects
Press: ? - help, Shift-Dir - straight line, f/p - crimson imp
Aim: a crimson imp (fast)
The fireball explodes!
The fireball engulfs the crimson imp.
The crimson imp completely resists.
The fireball engulfs you!
You die...

....# { .# #### . .. .# #..# #
#. .## ..o .####.# #.###.
..####..# ..##..# ##..#..
##.......# ......###...#..
#........#
...............#######........#
.##...<..........5Z.(.)........
.##..####.......@####......#..
.##.## ....##.###...###..#.
.#..# .. ###.###.⌠.# .....
..... ##.##...###...... .....
#............... ..... ....
###.⌠..>..⌠.#....# .## .....
#...........# . ..# ....
...####...#### ..# ##..####..#
#.⌠.#


You could see a crimson imp and a centaur zombie.

Vanquished Creatures
  Sigmund (D:5)
  An orc priest (D:4)
  4 orc wizards
  Jessica (D:2)
  Terence (D:2)
  A worker ant (D:5)
  5 adders (D:3)
  An adder skeleton (D:4)
  3 worms (D:2)
  3 leopard geckos
  5 orcs
  5 bats
  5 giant cockroaches
  8 goblins
  5 hobgoblins
  3 jackals (D:4)
  4 quokkas
  8 frilled lizards
  4 kobolds
  A quokka skeleton (D:4)
  7 rats
76 creatures vanquished.

Notes
Turn   | Place    | Note
-------+----------+-------------------------------------------
     0 | D:1      | Arum the Formicid Venom Mage began the quest for the Orb.
     0 | D:1      | Reached XP level 1. HP: 13/13 MP: 3/3
    68 | D:1      | Reached skill level 1 in Conjurations
   277 | D:1      | Reached XP level 2. HP: 19/19 MP: 0/5
  1127 | D:1      | Learned a level 2 spell: Poisonous Vapours
  1203 | D:1      | Reached XP level 3. HP: 24/24 MP: 3/6
  1706 | D:2      | Noticed Jessica
  1710 | D:2      | Killed Jessica
  1710 | D:2      | Reached XP level 4. HP: 30/30 MP: 1/8
  1775 | D:2      | Learned a level 4 spell: Olgreb's Toxic Radiance
  1839 | D:2      | Noticed Terence
  1888 | D:2      | Killed Terence
  1888 | D:2      | Reached skill level 5 in Poison Magic
  2235 | D:2      | Found a faded altar of an unknown god.
  2235 | D:2      | Found an ornate altar of the Wu Jian Council.
  2240 | D:2      | Found a faded altar of an unknown god.
  2246 | D:2      | Found a shattered altar of Ashenzari.
  2247 | D:2      | Found a burning altar of Makhleb.
  2442 | D:2      | Reached XP level 5. HP: 35/35 MP: 7/9
  3495 | D:3      | Reached XP level 6. HP: 27/41 MP: 4/11
  4376 | D:4      | Reached skill level 6 in Poison Magic
  4785 | D:4      | Noticed a phantom
  4879 | D:5      | Entered Level 5 of the Dungeon
  4881 | D:5      | Noticed a water moccasin
  4934 | D:5      | Noticed Grinder
  5075 | D:5      | Found a staircase to the Ecumenical Temple.
  5086 | Temple   | Entered the Ecumenical Temple
  5099 | Temple   | Became a worshipper of Vehumet
  5123 | D:5      | Noticed Sigmund
  5135 | D:5      | Killed Sigmund
  5135 | D:5      | Reached XP level 7. HP: 12/46 MP: 5/13
  5184 | D:5      | Killed themself with a badly aimed fireball

Levels and vault maps discovered:
D:1:      nicolae_arrival_somewhat_less_tricky_arrival, layout_basic
D:2:      layout_loops_cross, chequers_temple_overflow_minitemple, uniq_terence,
          uniq_jessica
D:3:      layout_basic, first_ration, minmay_misc_feat_nine_boxes,
          kennysheep_generic_room_14
D:4:      layout_loops_cross
D:5:      kennysheep_steamy, layout_layer_cave, marbit_many_paths,
          minmay_temple_entry_junction, serial_shops, shop_fountains,
          uniq_sigmund, uniq_grinder
Temple:   eino_temple_rhombus

Skill      XL: |  1  2  3  4  5  6 |
---------------+-------------------+-----
Conjurations   | 1 2 3 |  3.8
Spellcasting   | 3 4 |  4.6
Poison Magic   | 5 6 |  6.8
Dodging        | |  1.7
Stealth        | |  2.4

Action                   |  1- 3 |  4- 6 |  7- 9 || total
-------------------------+-------+-------+-------++-------
Melee: Unarmed           |    18 |     4 |       ||    22
       Trident           |       |    52 |    10 ||    62
 Cast: Sting             |    53 |    69 |       ||   122
       Poisonous Vapours |     2 |    18 |     3 ||    23
       Olgreb's Toxic Ra |       |     6 |       ||     6
 Abil: Dig               |       |     2 |     1 ||     3
Evoke: Wand              |       |       |     7 ||     7
  Eat: Chunk             |     3 |    13 |       ||    16
Armor: Robe              |     4 |     8 |     3 ||    15
Dodge: Dodged            |    16 |    41 |     6 ||    63
